 Dungeon Crawl Stone Soup version 0.22.1-2-g9c5b331 (webtiles) character file.

69987 Jawreze the Black Belt (level 14, -8/120 (121) HPs)
             Began as a Grey Draconian Transmuter on Nov 20, 2018.
             Was a High Priest of Qazlal.
             Mangled by a harpy (9 damage)
             ... on level 1 of the Shoals on Nov 22, 2018.
             The game lasted 01:47:36 (37571 turns).

Jawreze the Black Belt (Grey Draconian Transmuter) Turns: 37571, Time: 01:47:36

HP:   -8/120 (121)  AC: 19    Str: 12    XL:     14   Next: 92%
MP:   5/25          EV: 15    Int: 18    God:    Qazlal [*****.]
Gold: 634           SH:  7    Dex:  9    Spells: 13/28 levels left

rFire    . . .     SeeInvis +     - Unarmed
rCold    . . .     Gourm    .   (shield currently unavailable)
rNeg     . . .     Faith    .   (armour unavailable)
rPois    +         Spirit   .   G - +1 hat
rElec    +         Reflect  .   V - +1 cloak {MR+}
rCorr    .         Harm     .   (gloves currently unavailable)
MR       ++...                  (no boots)
Stlth    +.........             D - amulet "Seattaji" {+Rage rElec rPois Dex-4 SInv}
HPRegen  0.30/turn              (no ring)
MPRegen  0.19/turn              (no ring)

@: lethally poisoned (-8 -> -75), blade hands, protected from physical damage,
mesmerised, repel missiles
A: walk through water, unfitting armour, unbreathing, cold-blooded, AC +13
a: End Transformation, Upheaval, Elemental Force, Disaster Area, Renounce
Religion, Evoke Berserk Rage


You were on level 1 of the Shoals.
You worshipped Qazlal.
Qazlal was extremely pleased with you.
You were not hungry.
You had blades for hands.
You visited 6 branches of the dungeon, and saw 23 of its levels.

You collected 2399 gold pieces.
You spent 1765 gold pieces at shops.

Inventory:

Hand Weapons
 h - a +0 whip of venom
 s - a +1 short sword of venom
 w - a +2 hunting sling of freezing (melded)
Missiles
 a - 397 arrows
 f - 574 stones (quivered)
 W - 60 sling bullets
Armour
 G - a +1 hat (worn)
 V - a +1 cloak of magic resistance (worn)
Jewellery
 n - an uncursed amulet of regeneration {unknown}
 x - an uncursed amulet of the acrobat {unknown}
 A - an uncursed amulet of magic regeneration {unknown}
 D - the amulet "Seattaji" (around neck) {+Rage rElec rPois Dex-4 SInv}
   (You bought it in a shop on level 4 of the Dungeon)

   [amulet of rage]

   It affects your dexterity (-4).
   It insulates you from electricity.
   It protects you from poison.
   It lets you see invisible.
   It lets you go berserk.
 E - an uncursed ring of fire
 N - an uncursed ring of stealth {unknown}
 Q - an uncursed amulet of harm {unknown}
Wands
 e - a wand of random effects (16)
 B - a wand of scattershot (8)
 I - a wand of polymorph (8)
 K - a wand of acid (5)
 P - a wand of enslavement (18)
 R - a wand of iceblast (13)
 S - a wand of digging (35)
 T - a wand of flame (18)
Scrolls
 b - 10 scrolls of remove curse
 k - 7 scrolls of fear {unknown}
 l - 4 scrolls of enchant weapon
 m - 6 scrolls of teleportation
 o - 5 scrolls of enchant armour
 t - 5 scrolls of immolation {unknown}
 u - 6 scrolls of random uselessness {unknown}
 v - 6 scrolls of noise {unknown}
 y - 3 scrolls of amnesia {unknown}
 z - 7 scrolls of magic mapping {unknown}
 F - 7 scrolls of identify
 H - 3 scrolls of fog {unknown}
 J - 6 scrolls of blinking
Potions
 d - a potion of lignification
 g - 7 potions of curing
 i - 2 potions of berserk rage {unknown}
 j - 5 potions of haste
 p - 3 potions of brilliance
 q - 3 potions of agility {unknown}
 C - 5 potions of heal wounds
 L - 2 potions of magic {unknown}
 M - a potion of cancellation {unknown}
 O - a potion of mutation {unknown}
 U - a potion of might
Comestibles
 c - 21 rations


   Skills:
 - Level 10.0 Fighting
 - Level 8.0 Slings
 - Level 8.0 Dodging
 - Level 15.0 Unarmed Combat
 + Level 7.7 Spellcasting
 * Level 12.5 Transmutations
 - Level 5.0 Ice Magic
 - Level 2.0 Poison Magic
 + Level 4.5 Invocations


You had 13 spell levels left.
You knew the following spells:

 Your Spells              Type           Power        Failure   Level  Hunger
a - Beastly Appendage     Tmut           ######       6%          1    None
b - Sticks to Snakes      Tmut           ######..     7%          2    None
c - Spider Form           Tmut/Pois      ####......   19%         3    #......
d - Ice Form              Ice/Tmut       #####...     24%         4    ###....
e - Blade Hands           Tmut           ######....   19%         5    #####..

Your spell library contained the following spells:

 Spells                   Type           Power        Failure   Level  Hunger
 Sting                    Conj/Pois      ##..         38%         1    None
 Petrify                  Tmut/Erth      ####....     41%         4    ###....
 Animate Skeleton         Necr           N/A          45%         1    None
 Confusing Touch          Hex            #.....       45%         1    None
 Flame Tongue             Conj/Fire      #....        45%         1    None
 Magic Dart               Conj           #...         45%         1    None
 Pain                     Necr           #...         45%         1    None
 Summon Small Mammal      Summ           #...         45%         1    None
 Poisonous Vapours        Pois/Air       ##....       45%         2    None
 Blink                    Tloc           N/A          56%         2    None
 Call Imp                 Summ           #.......     56%         2    None
 Slow                     Hex            #.......     56%         2    None
 Throw Flame              Conj/Fire      #.....       56%         2    None
 Mephitic Cloud           Conj/Pois/Air  #.......     65%         3    #......
 Yara's Violent Unravell  Hex/Tmut       ####......   65%         5    #####..
 Call Canine Familiar     Summ           #.......     73%         3    #......
 Confuse                  Hex            #.......     73%         3    #......
 Conjure Flame            Conj/Fire      #.......     73%         3    #......
 Gell's Gravitas          Tloc           #.........   73%         3    #......
 Inner Flame              Hex/Fire       #.......     73%         3    #......
 Regeneration             Chrm/Necr      #.........   73%         3    #......
 Summon Guardian Golem    Hex/Summ       #.......     73%         3    #......
 Vampiric Draining        Necr           #.........   73%         3    #......
 Summon Ice Beast         Ice/Summ       ###.....     77%         4    ###....
 Olgreb's Toxic Radiance  Pois           ##......     80%         4    ###....
 Animate Dead             Necr           N/A          95%         4    ###....
 Sticky Flame             Conj/Fire      #.......     95%         4    ###....
 Summon Lightning Spire   Summ/Air       #.......     95%         4    ###....
 Metabolic Englaciation   Hex/Ice        ###.......   95%         5    #####..
 Fireball                 Conj/Fire      #.........   99%         5    #####..
 Venom Bolt               Conj/Pois      ##........   99%         5    #####..
 Freezing Cloud           Conj/Ice/Air   ##........   100%        6    ######.
 Ring of Flames           Chrm/Fire      #.........   100%        7    #######


Dungeon Overview and Level Annotations

Branches:
Dungeon (12/15)            Temple (1/1) D:6            Lair (6/6) D:11
 Shoals (1/4) Lair:2        Snake (1/4) Lair:3        Slime (0/5) Lair:6
    Orc (2/2) D:11            Elf (0/3) Orc:2

Altars:
Ashenzari
Cheibriados
Dithmenos
Elyvilon
Fedhas
Gozag
Hepliaklqana
Kikubaaqudgha
Makhleb
Nemelex Xobeh
Okawaru
Qazlal
Ru
Sif Muna
Trog
Uskayaw
Vehumet
Wu Jian
Xom
Yredelemnul
Zin
The Shining One
Jiyva

Shops:
D:4 ?}**   Orc:1 :[([?   Orc:2 *:!(

Portals:
Trove: D:10 (give +2 gold dragon scales)

Annotations:
D:1 exclusion: downstairs, Terence
D:3 exclusion: 2 downstairs
D:4 exclusion: downstairs
D:7 3 runed doors, emiel's ghost, novice DrIE
Lair:1 3 runed doors, exclusion: oklob plant, RadicalHijinx's ghost, novice DrCj
Lair:2 exclusion: downstairs
Snake:1 Frances


Innate Abilities, Weirdness & Mutations

You can walk through water.
Your dull iron-grey scales are very hard. (AC +13)
You cannot fit into any form of body armour.
You can survive without breathing.
You are cold-blooded and may be slowed by cold attacks.


Message History

Qazlal accepts your kill.
* * * LOW HITPOINT WARNING * * *
You feel very sick. The harpy barely misses you.
The harpy claws you but does no damage.
Your air elemental hits the sea snake but does no damage.
The sea snake bites you but does no damage.
The harpy misses you. The harpy claws you but does no damage.
The merfolk siren chants a haunting song.
The merfolk hits you from afar with a trident.
* * * LOW HITPOINT WARNING * * *
The sea snake bites your air elemental!!
Your air elemental is destroyed!
The centaur shoots an arrow.
The arrow misses you.
The merfolk siren chants its luring song.
Nature churns violently around you!
* * * LOW HITPOINT WARNING * * *
You feel very sick. The harpy claws you but does no damage.
You block the harpy's attack.
The harpy claws you but does no damage. x2; The harpy claws you!
You die...

≈≈≈≈≈≈≈≈≈≈≈≈≈≈≈
≈≈≈≈≈≈≈≈c≈≈≈≈≈≈
≈≈≈≈≈≈≈≈≈≈≈≈≈≈≈
≈≈≈≈≈≈≈≈≈≈≈≈≈≈≈
≈≈≈≈≈≈≈≈≈≈m≈≈≈≈
≈≈≈≈≈≈≈≈≈§≈≈≈≈≈
≈≈...≈≈SH§≈≈≈≈≈
≈≈...mH@§≈≈§≈≈≈
≈.###mH§S(≈≈§≈≈
#§.m≈≈≈≈≈≈c
#....≈≈≈≈≈≈
...#.≈≈≈≈≈≈
§§§. §≈≈≈≈≈≈
..... ≈≈≈≈≈≈≈
≈≈≈≈≈≈ ≈≈≈≈≈≈≈


You could see 2 sea snakes, 2 merfolk, 2 merfolk sirens, 3 harpies and 2
centaurs.

Vanquished Creatures
  Nessos (Lair:4)
  Snorg (Lair:3)
  Josephine (Lair:5)
  5 hydras
  6 death yaks
  An anaconda (Lair:3)
  14 two-headed ogres
  4 ogre magi (Orc:2)
  Urug (D:10)
  A shock serpent (Lair:3)
  Nergalle (Lair:3)
  An unseen horror (D:11)
  2 harpies (Shoals:1)
  Pikel (D:5)
  2 orc knights
  A mana viper (Lair:3)
  A cyclops (D:11)
  2 orc sorcerers
  A salamander (Lair:3)
  An ugly thing (D:11)
  8 black mambas
  A merfolk siren (Lair:2)
  9 spiny frogs
  9 komodo dragons
  A rime drake (Lair:4)
  A guardian mummy (D:10)
  4 polar bears (Lair:6)
  4 trolls
  6 hornets
  3 merfolk (Lair:2)
  10 blink frogs
  A dream sheep (Lair:6)
  8 hippogriffs
  3 wyverns
  6 wraiths
  15 spriggans
  32 yaks
  4 hogs (D:7)
  3 basilisks
  A human (D:7)
  Menkaure (D:5)
  2 wargs
  A naga (Lair:2)
  An acid dragon (D:11)
  8 water moccasins
  5 porcupines
  Duvessa (D:5)
  11 orc warriors
  5 ice beasts
  A swamp drake (D:11)
  5 black bears
  2 phantoms (D:7)
  41 ogres
  2 slaves (D:4)
  A sky beast (D:8)
  38 wolves
  4 boggarts (Lair:6)
  A necrophage (D:5)
  12 centaurs
  12 crocodiles
  A big kobold (D:7)
  11 bullfrogs
  A wyvern zombie (D:9)
  4 scorpions
  A water moccasin zombie (D:6)
  7 killer bees (D:10)
  3 howler monkeys
  2 crimson imps
  A centaur zombie (D:11)
  A quasit (D:10)
  2 bullfrog zombies
  3 jellies
  4 centaur skeletons
  8 hounds
  9 orc priests
  8 orc wizards
  4 worker ants
  6 iguanas
  A worker ant zombie (D:10)
  8 adders
  4 gnolls
  2 shadow imps
  3 adder zombies
  A worm (D:6)
  2 dart slugs
  4 leopard geckos
  62 orcs
  2 bats
  4 giant cockroaches
  2 goblins
  12 hobgoblins
  12 jackals
  4 quokkas
  8 frilled lizards
  A jackal skeleton (D:8)
  9 kobolds
  A leopard gecko skeleton (D:7)
  3 rats
552 creatures vanquished.

Vanquished Creatures (collateral kills)
  Eustachio (D:5)
  An ice beast (D:2)
  Dowan (D:5)
  A killer bee zombie (D:5)
  A goblin (D:2)
  A bat (D:2)
6 creatures vanquished.

Vanquished Creatures (others)
  2 bushes (Lair:3)
  15 fungi
  6 plants
23 creatures vanquished.

Grand Total: 581 creatures vanquished

Notes
Turn   | Place    | Note
-------+----------+-------------------------------------------
     0 | D:1      | Jawreze the Draconian Transmuter began the quest for the
                  | Orb.
     0 | D:1      | Reached XP level 1. HP: 16/16 MP: 3/3
   459 | D:1      | Reached XP level 2. HP: 18/23 MP: 3/5
  1270 | D:1      | Learned a level 2 spell: Sticks to Snakes
  1387 | D:2      | Noticed an ice beast
  1645 | D:2      | Killed an ice beast
  1645 | D:2      | Reached skill level 4 in Unarmed Combat
  1645 | D:2      | Reached XP level 3. HP: 6/29 MP: 3/6
  1645 | D:2      | Reached XP level 4. HP: 7/36 MP: 3/7
  1906 | D:2      | Noticed Terence
  3481 | D:3      | Reached XP level 5. HP: 30/42 MP: 7/9
  3633 | D:3      | Found a faded altar of an unknown god.
  3689 | D:3      | Found an ancient bone altar of Kikubaaqudgha.
  3689 | D:3      | Found a shadowy altar of Dithmenos.
  3754 | D:3      | Found a glowing silver altar of Zin.
  3910 | D:3      | Found a sparkling altar of Nemelex Xobeh.
  4453 | D:4      | Found Juaseeto's Assorted Antiques.
  4461 | D:4      | Bought a scroll labeled NUUKOA RITSUBAS for 27 gold pieces
  4461 | D:4      | Bought a scroll labeled AHELIO LOLOSYMORGH for 27 gold
                  | pieces
  4941 | D:4      | Found Ylutei Full's General Store.
  4981 | D:4      | Found Sylefaw's Gadget Shop.
  5033 | D:4      | Found Tes Pakk's Magic Scroll Emporium.
  5045 | D:4      | Bought a scroll of teleportation for 30 gold pieces
  5095 | D:4      | Noticed an ogre
  5307 | D:4      | Killed an ogre
  5307 | D:4      | Reached skill level 5 in Unarmed Combat
  5307 | D:4      | Reached XP level 6. HP: 39/51 MP: 10/10
  5966 | D:5      | Entered Level 5 of the Dungeon
  6001 | D:5      | Noticed Eustachio
  6176 | D:5      | Your scales start taking on a dull iron-grey colour.
  6176 | D:5      | Reached XP level 7. HP: 47/58 MP: 11/11
  6176 | D:5      | Gained mutation: You can survive without breathing. [Grey
                  | Draconian growth]
  6321 | D:4      | Learned a level 3 spell: Spider Form
  6538 | D:4      | Reached skill level 6 in Unarmed Combat
  6764 | D:5      | Noticed Duvessa
  6787 | D:5      | Killed Duvessa
  6787 | D:5      | Reached skill level 1 in Poison Magic
  6794 | D:5      | Noticed Dowan
  6804 | D:5      | Killed Dowan
  7032 | D:5      | Killed Eustachio
  7262 | D:5      | Noticed Pikel
  7412 | D:5      | Reached XP level 8. HP: 65/66 MP: 10/12
  7487 | D:5      | Noticed Menkaure
  7511 | D:5      | Killed Menkaure
  7511 | D:5      | Reached skill level 7 in Unarmed Combat
  7707 | D:4      | Bought a twitching ruby amulet for 135 gold pieces
  7707 | D:4      | Identified the amulet "Seattaji" {+Rage rElec rPois Dex-4
                  | SInv} (You bought it in a shop on level 4 of the Dungeon)
  8113 | D:5      | Killed Pikel
  8113 | D:5      | Reached skill level 5 in Fighting
  8113 | D:5      | Reached skill level 8 in Unarmed Combat
  8113 | D:5      | Reached skill level 5 in Transmutations
  8559 | D:6      | Reached skill level 1 in Slings
  8662 | D:6      | Reached XP level 9. HP: 37/73 MP: 9/13
  9183 | D:6      | Found a staircase to the Ecumenical Temple.
  9192 | Temple   | Entered the Ecumenical Temple
  9328 | Temple   | Became a worshipper of Qazlal Stormbringer
  9736 | D:6      | Found an opulent altar of Gozag.
  9736 | D:6      | Found an iron altar of Okawaru.
 10011 | D:7      | Reached skill level 9 in Unarmed Combat
 10472 | D:7      | Reached * piety under Qazlal
 10730 | D:7      | Found a runed gate.
 10730 | D:7      | Found a runed gate.
 10730 | D:7      | Found a runed gate.
 10730 | D:7      | Noticed emiel's ghost (novice DrIE)
 10995 | D:7      | Learned a level 4 spell: Ice Form
 11316 | D:8      | Found a white marble altar of Elyvilon.
 11457 | D:8      | Reached skill level 10 in Unarmed Combat
 11457 | D:8      | Reached skill level 1 in Ice Magic
 11457 | D:8      | Reached XP level 10. HP: 32/81 MP: 11/14
 12125 | D:8      | Noticed a two-headed ogre
 12172 | D:8      | Killed a two-headed ogre
 12683 | D:9      | Reached ** piety under Qazlal
 13654 | D:10     | Entered Level 10 of the Dungeon
 14191 | D:10     | Reached skill level 5 in Dodging
 14650 | D:10     | Noticed a two-headed ogre
 14730 | D:10     | Found a portal to a secret trove of treasure.
 14764 | D:10     | Reached skill level 11 in Unarmed Combat
 15001 | D:10     | Killed a two-headed ogre
 15001 | D:10     | Reached skill level 5 in Slings
 15001 | D:10     | Reached XP level 11. HP: 74/87 MP: 15/15
 15070 | D:10     | Learned a level 5 spell: Blade Hands
 15650 | D:11     | Noticed Urug
 15657 | D:10     | Killed Urug
 16041 | D:11     | Noticed a four-headed hydra
 16460 | D:4      | Bought a +2 hunting sling of freezing for 191 gold pieces
 17268 | D:10     | Killed a four-headed hydra
 17612 | D:10     | Found a portal to a secret trove of treasure.
 18679 | D:11     | Paralysed by a hornet for 2 turns
 18885 | D:11     | Found a staircase to the Lair.
 19345 | D:11     | Noticed a cyan ugly thing
 19345 | D:11     | Noticed an unseen horror
 19356 | D:11     | Killed a cyan ugly thing
 19361 | D:11     | Killed an unseen horror
 19361 | D:11     | Reached skill level 12 in Unarmed Combat
 19361 | D:11     | Reached skill level 5 in Ice Magic
 19367 | D:11     | Reached *** piety under Qazlal
 19641 | D:11     | Found a staircase to the Orcish Mines.
 19954 | Lair:1   | Entered Level 1 of the Lair of Beasts
 20317 | Lair:1   | Noticed an oklob plant
 20479 | Lair:1   | Reached XP level 12. HP: 99/99 MP: 12/16
 20878 | Lair:1   | Found a runed gate.
 20878 | Lair:1   | Found a runed gate.
 20879 | Lair:1   | Found a runed gate.
 20881 | Lair:1   | Noticed RadicalHijinx's ghost (novice DrCj)
 21587 | Lair:2   | Noticed a five-headed hydra
 22264 | Lair:1   | Killed a five-headed hydra
 23641 | Lair:2   | Noticed a four-headed hydra
 24366 | Lair:2   | Killed a four-headed hydra
 24366 | Lair:2   | Reached skill level 13 in Unarmed Combat
 24565 | Lair:2   | Found a staircase to the Shoals.
 24949 | Lair:3   | Noticed an eight-headed hydra
 24968 | Lair:3   | Found a staircase to the Snake Pit.
 25222 | Lair:3   | Killed an eight-headed hydra
 25262 | Lair:3   | Noticed Snorg
 25769 | Lair:2   | Reached **** piety under Qazlal
 26162 | Lair:3   | Noticed Nergalle
 26229 | Lair:3   | Killed Nergalle
 26409 | Lair:3   | Killed Snorg
 26409 | Lair:3   | Reached XP level 13. HP: 87/107 MP: 13/20
 27144 | Lair:4   | Noticed Nessos
 27164 | Lair:4   | Killed Nessos
 27164 | Lair:4   | Reached skill level 5 in Spellcasting
 27164 | Lair:4   | Reached skill level 10 in Transmutations
 29295 | Lair:5   | Noticed Josephine
 29333 | Lair:5   | Killed Josephine
 29337 | Lair:5   | Reached skill level 14 in Unarmed Combat
 30359 | Lair:6   | Entered Level 6 of the Lair of Beasts
 31223 | Lair:6   | Reached ***** piety under Qazlal
 31845 | Lair:6   | Reached XP level 14. HP: 106/118 MP: 18/23
 32447 | Lair:5   | Reached skill level 10 in Fighting
 33202 | Lair:6   | Found a bloodstained altar of Trog.
 33278 | Lair:6   | Found a viscous altar of Jiyva.
 33278 | Lair:6   | Found a staircase to the Slime Pits.
 33720 | Orc:1    | Entered Level 1 of the Orcish Mines
 33723 | Orc:1    | Found Keita's Magic Scroll Emporium.
 33760 | Orc:1    | Bought a scroll of acquirement for 728 gold pieces
 33760 | Orc:1    | Bought a scroll of enchant armour for 105 gold pieces
 33760 | Orc:1    | Bought a scroll of teleportation for 42 gold pieces
 33774 | Orc:1    | Found Zaeps's Armour Emporium.
 33838 | Orc:1    | Found Cuaqaon's Antique Armour Shop.
 33844 | Orc:1    | Found Iwadiw's Antique Weapon Emporium.
 33849 | Orc:1    | Found Jihowo's Book Shoppe.
 34141 | Orc:2    | Entered Level 2 of the Orcish Mines
 34739 | Orc:2    | Reached skill level 1 in Invocations
 34750 | Orc:2    | Reached skill level 15 in Unarmed Combat
 35679 | Orc:2    | Found a staircase to the Elven Halls.
 35892 | Orc:2    | Found Izxefod's Weapon Shoppe.
 35892 | Orc:2    | Found Laaps's Book Shop.
 35893 | Orc:2    | Found Otysiqawn's Distillery.
 35893 | Orc:2    | Found Feobaos's General Store.
 35901 | Orc:2    | Bought 2 potions of haste for 320 gold pieces
 35901 | Orc:2    | Bought a potion of heal wounds for 80 gold pieces
 35901 | Orc:2    | Bought a potion of heal wounds for 80 gold pieces
 36282 | Snake:1  | Entered Level 1 of the Snake Pit
 36292 | Lair:3   | Reached ****** piety under Qazlal
 37014 | Snake:1  | Noticed Frances
 37557 | Shoals:1 | Entered Level 1 of the Shoals
 37571 | Shoals:1 | HP: 1/120 [poisoned by a sea snake]
 37571 | Shoals:1 | Mangled by a harpy

Skill      XL: |  1  2  3  4  5  6  7  8  9 10 11 12 13 14 |
---------------+-------------------------------------------+-----
Fighting       | 2 3 4 5 7 8 9 10 | 10.0
Unarmed Combat | 4 5 6 8 10 11 12 13 14 15 | 15.0
Transmutations | 3 4 5 6 7 8 9 10 12 | 12.5
Spellcasting   | 3 4 6 7 |  7.7
Poison Magic   | 2 |  2.0
Dodging        | 2 4 5 6 7 8 |  8.0
Slings         | 1 3 5 7 8 |  8.0
Ice Magic      | 1 3 5 |  5.0
Invocations    | 4 |  4.5

Action                   |  1- 3 |  4- 6 |  7- 9 | 10-12 | 13-15 || total
-------------------------+-------+-------+-------+-------+-------++-------
Melee: Unarmed           |    65 |   145 |   383 |   595 |   515 ||  1703
       Tailslap          |     4 |     8 |    42 |    15 |    23 ||    92
       Punch             |     2 |       |    10 |    10 |     8 ||    30
       Kick              |     5 |     9 |    25 |     6 |       ||    45
       Headbutt          |     2 |    10 |     9 |     3 |       ||    24
       Short sword       |       |     4 |     7 |       |       ||    11
 Fire: Hunting sling     |       |    67 |    48 |   239 |   285 ||   639
Throw: Stone             |     1 |     2 |     1 |       |       ||     4
 Cast: Beastly Appendage |     8 |    14 |    28 |    11 |     1 ||    62
       Sticks to Snakes  |     1 |    15 |     8 |     4 |       ||    28
       Spider Form       |       |       |    12 |    25 |     7 ||    44
       Ice Form          |       |       |       |    25 |    18 ||    43
       Blade Hands       |       |       |       |    18 |    30 ||    48
Invok: Upheaval          |       |       |       |       |     1 ||     1
       Elemental Force   |       |       |       |       |     1 ||     1
       Disaster Area     |       |       |       |       |     1 ||     1
 Abil: Evoke Berserk Rag |       |       |     1 |       |       ||     1
       End Transformatio |       |       |       |       |     5 ||     5
Evoke: Wand              |       |       |       |     1 |       ||     1
  Use: Scroll            |       |     4 |     3 |     1 |     1 ||     9
 Stab: Distracted        |       |     1 |       |       |       ||     1
       Sleeping          |       |       |     1 |       |       ||     1
  Eat: Chunk             |     2 |    12 |    16 |    35 |    31 ||    96
       Ration            |       |     1 |     1 |     8 |     5 ||    15
Armor: Skin              |    13 |    40 |   120 |   136 |   114 ||   423
Dodge: Dodged            |    27 |    94 |   243 |   418 |   351 ||  1133
       Deflected         |       |       |       |       |     9 ||     9
Block: Other             |       |       |       |    91 |   149 ||   240
